 Dungeon Crawl Stone Soup version 0.30.0-7-g0c4daa9e05 (webtiles) character file.

Game seed: 2531234120774517164

140 Atelerd the Digger (level 5, -2/31 HPs)
             Began as an Octopode Earth Elementalist on May 13, 2023.
             Slain by Ijyb
             ... wielding a +0 club
              (4 damage)
             ... on level 3 of the Dungeon.
             The game lasted 00:01:58 (1875 turns).

Atelerd the Digger (Octopode Earth Elementalist)    Turns: 1875, Time: 00:01:59

Health: -2/31      AC:  1    Str:  4 (7)  XL:     5   Next: 23%
Magic:  8/9        EV: 13    Int: 17 (19) God:
Gold:   57         SH:  0    Dex: 11 (13) Spells: 4/9 levels left

rFire   + . .        d - +0 dagger (venom)
rCold   + . .        (no shield)
rNeg    . . .        (helmet restricted)
rPois   +            (no amulet)
rElec   +            (no ring)
rCorr   +            (no ring)
SInv    .            (no ring)
Will    .....        (no ring)
Stlth   +++          (no ring)
HPRegen 0.25/turn    (no ring)
MPRegen 0.11/turn    (no ring)
                     (no ring)

%: no passive effects
@: resistant
A: almost no armour, amphibious, 8 rings, camouflage 1, gelatinous body 1,
(nimble swimmer 1), tentacles
a: no special abilities


You were on level 3 of the Dungeon.
You visited 1 branch of the dungeon, and saw 3 of its levels.

You collected 57 gold pieces.

Inventory:

Hand Weapons
 d - a +0 dagger of venom (weapon)
Wands
 k - a wand of flame (8)
Scrolls
 b - a scroll of enchant armour
 c - a scroll of identify
 h - a scroll of magic mapping
Potions
 a - a potion of magic
 e - a potion of resistance
 g - a potion of degeneration
 i - a potion of lignification {unknown}
 j - a potion of curing {unknown}
 l - a potion of brilliance {unknown}


   Skills:
 - Level 0.2 Fighting
 - Level 0.4 Short Blades
 + Level 2.6 Dodging
 + Level 3.5 Stealth
 + Level 2.9 Spellcasting
 + Level 1.8 Transmutations
 + Level 4.1 Earth Magic


You had 4 spell levels left.
You knew the following spells:

 Your Spells              Type           Power      Damage    Failure   Level
a - Sandblast             Erth           32%        2d9       3%          1
p - Petrify               Tmut/Erth      12%        N/A       45%         4

Your spell library contained the following spells:

 Spells                   Type           Power      Damage    Failure   Level
 Passwall                 Tmut/Erth      10%        N/A       8%          2
 Stone Arrow              Conj/Erth      18%        3d8       22%         3
 Lehudib's Crystal Spear  Conj/Erth      4%         10d3      100%        8
 Animate Armour           Summ/Erth      Unusable   N/A       N/A         4

Dungeon Overview and Level Annotations

Branches:
Dungeon (3/15)

Altars:

Annotations:
D:3 Grinder, Ijyb


Innate Abilities, Weirdness & Mutations

You cannot wear most types of armour.
You are amphibious.
You can wear up to eight rings at the same time.
Your skin changes colour to match your surroundings (Stealth+).
Your rubbery body absorbs attacks. (AC +1, EV +1)
((You are camouflaged when in or above water. (Stealth+)))
You have tentacles for arms and can constrict up to eight enemies at once.


Message History

Found 12 gold pieces.
An orc wizard comes into view. It is wielding a +0 dagger.
Ijyb shouts!
The orc shouts!
You hear a shout!
Ijyb hits you with a +0 club.
You closely miss Ijyb. Your grab misses Ijyb.
You squeeze Ijyb, but do no damage. Ijyb hits you with a +0 club.
The blast of sand hits Ijyb but does no damage.
Ijyb hits you but does no damage. Ijyb misses you.
As you read the scroll labelled DYUNWO FEFOUB, it crumbles to dust.
It is a scroll of enchant armour.
You aren't carrying any armour which can be enchanted further.
The orc hits you with a +0 dagger. Ijyb closely misses you.
Unknown command.
As you read the scroll labelled COPORI CAJYWY, it crumbles to dust.
It is a scroll of identify.
h - a scroll of magic mapping The orc closely misses you.
The orc hits you with a +0 hand axe. Ijyb closely misses you.
The air fills with toxic fumes!
As you read the scroll labelled PAJEOPL QEYWK, it crumbles to dust.
It was a scroll of poison.
The orc misses you. The orc wizard barely misses you.
The orc barely misses you. Ijyb hits you with a +0 club.
Okay, then.
It was a potion of resistance.
You feel protected. The orc closely misses you.
The orc wizard hits you with a +0 dagger.
* * * LOW HITPOINT WARNING * * *
The orc hits you with a +0 hand axe.
* * * LOW HITPOINT WARNING * * *
Ijyb closely misses you.
It was a potion of degeneration.
There was something very wrong with that liquid.
You feel weakened.
You feel dopey.
You feel clumsy. The orc barely misses you. The orc wizard closely misses you.
The orc hits you with a +0 hand axe.
* * * LOW HITPOINT WARNING * * *
Ijyb hits you with a +0 club.
You die...

.........###.#.# .#.###
.......... §.$§##§#§§§§§
##.......###§#.§§§§§§§§§
...........#§#.§§§§§§§§
#............§$§§§§§§§.§
#............#§#§§§§##§§
#.##.....#.###§#§§§§§§§§
#.##.....#.# #§§oo§§§§§§
#.##.....#.# ###@o§§§§§§
.........#.# #g§§§§§§§
.........#.# #§§§§§§§§.
......###..# #§§§§§§§§.
#####.# .....#PPP#.#
#§§§§§§§§.##...#.#
#.#.##$PP##..
§§§§§§§#§..#...#.#
..##...PP..#..
§§§§§§§#.........#
...#.P.P...#..
§§§§§§§#..........
#..#...PP..#...
.....##..........


You could see Ijyb, an orc wizard and 2 orcs.

Vanquished Creatures
  Natasha (thrice) (D:2)
  A gnoll (D:2)
  An adder (D:2)
  A dart slug (D:2)
  3 ball pythons
  6 bats (D:1)
  3 endoplasms (D:1)
  2 giant cockroaches (D:1)
  6 goblins
  3 hobgoblins
  5 jackals (D:1)
  3 kobolds (D:1)
  3 quokkas (D:1)
  A frilled lizard (D:2)
  2 rats (D:1)
43 creatures vanquished.

Notes
Turn   | Place    | Note
-------+----------+-------------------------------------------
     0 | D:1      | Atelerd the Octopode Earth Elementalist began the quest for
                  | the Orb.
     0 | D:1      | Reached XP level 1. HP: 11/11 MP: 3/3
   171 | D:1      | Reached XP level 2. HP: 13/17 MP: 1/5
   660 | D:1      | Reached XP level 3. HP: 20/21 MP: 6/6
  1307 | D:2      | Noticed Natasha
  1309 | D:2      | Killed Natasha
  1310 | D:2      | Reached skill level 4 in Earth Magic
  1310 | D:2      | Reached XP level 4. HP: 27/27 MP: 0/8
  1327 | D:2      | Noticed Natasha
  1362 | D:2      | Killed Natasha
  1465 | D:2      | Noticed Natasha
  1468 | D:2      | Killed Natasha
  1469 | D:2      | Reached XP level 5. HP: 16/31 MP: 6/9
  1725 | D:3      | Found a faded altar of an unknown god.
  1731 | D:3      | Learned a level 4 spell: Petrify
  1816 | D:3      | Noticed Grinder
  1864 | D:3      | Noticed Ijyb
  1875 | D:3      | Slain by Ijyb

Illustrated notes

Levels and vault maps discovered:
D:1:      dpeg_arrival_simpleton_c, layout_loops_corners
D:2:      kennysheep_big_flooded_room, layout_loops_ring,
          minmay_fractal_squares_5, uniq_natasha
D:3:      layout_basic, shapermc_ecumenical_altar_gd, uniq_grinder, uniq_ijyb

Skill      XL: |  1  2  3 |
---------------+----------+-----
Stealth        | 3 |  3.5
Earth Magic    | 4 |  4.1
Fighting       | |  0.2
Short Blades   | |  0.4
Dodging        | |  2.6
Spellcasting   | |  2.9
Transmutations | |  1.8

Action                     |  1- 3 |  4- 6 || total
---------------------------+-------+-------++-------
  Melee: Unarmed           |     1 |       ||     1
         Punch             |     1 |       ||     1
         Dagger            |    36 |     1 ||    37
         Constrict         |     9 |       ||     9
         Tentacles         |     8 |     1 ||     9
   Cast: Sandblast         |    25 |     8 ||    33
    Use: Scroll            |       |     3 ||     3
         Potion            |       |     2 ||     2
   Stab: Sleeping          |     8 |       ||     8
 Armour: Skin              |    10 |     1 ||    11
  Dodge: Dodged            |    33 |    12 ||    45
